 Dungeon Crawl Stone Soup version 0.23.2-40-g277498a (webtiles) character file.

Game seed: 14675332634442528584

126 zhovat1 the Grave Robber (level 4, -8/32 HPs)
             Began as a Demonspawn Necromancer on Aug 21, 2019.
             Killed by nerve-wracking pain
             ... invoked by an orc priest
              (12 damage)
             ... on level 3 of the Dungeon.
             The game lasted 00:04:34 (3213 turns).

zhovat1 the Grave Robber (Demonspawn Necromancer)   Turns: 3213, Time: 00:04:34

Health: -8/32      AC:  5    Str:  8    XL:     4   Next: 83%
Magic:  3/8        EV: 13    Int: 17    God:
Gold:   220        SH:  0    Dex: 14    Spells: 5/9 levels left

rFire    . . .     SeeInvis .   j - +0 dagger
rCold    . . .     Gourm    .   (no shield)
rNeg     . . .     Faith    .   a - +0 robe
rPois    .         Spirit   .   m - +1 helmet
rElec    .         Reflect  .   (no cloak)
rCorr    .         Harm     .   (no gloves)
MR       .....                  p - +0 pair of boots
Stlth    ++........             (no amulet)
HPRegen  0.10/turn              (no ring)
MPRegen  0.11/turn              (no ring)

@: lethally poisoned (-8 -> -11)
A: talons 1, rot immunity
a: no special abilities


You were on level 3 of the Dungeon.
You were hungry.

You visited 1 branch of the dungeon, and saw 3 of its levels.

You collected 220 gold pieces.

Inventory:

Hand Weapons
 j - a +0 dagger (weapon)
Armour
 a - a +0 robe (worn)
 m - a +1 helmet (worn)
 p - a +0 pair of boots (worn)
Wands
 n - a wand of iceblast (9)
Scrolls
 d - a scroll of amnesia {unknown}
 i - a scroll of teleportation
 l - a scroll of fear
Potions
 b - a potion of lignification {unknown}
 g - a potion of flight
Comestibles
 c - 8 rations


   Skills:
 + Level 1.4 Fighting
 + Level 2.3 Dodging
 * Level 3.0 Stealth
 * Level 3.0 Spellcasting
 + Level 4.8 Necromancy


You had 5 spell levels left.
You knew the following spells:

 Your Spells              Type           Power        Failure   Level  Hunger
a - Pain                  Necr           ###.         2%          1    None
b - Vampiric Draining     Necr           ###.......   7%          3    ###....

Your spell library contained the following spells:

 Spells                   Type           Power        Failure   Level  Hunger
 Animate Skeleton         Necr           N/A          2%          1    None
 Regeneration             Chrm/Necr      ##........   19%         3    ###....
 Animate Dead             Necr           N/A          24%         4    ####...


Dungeon Overview and Level Annotations

Branches:
Dungeon (3/15)

Altars:
Elyvilon
Gozag
Uskayaw


Innate Abilities, Weirdness & Mutations

You have sharp toenails.
You are immune to rotting.


Message History

Your Stealth skill increases to level 3!
The orc wizard casts a spell.
The orc wizard seems to speed up.
Casting: Pain (safe; 2% risk of failure)
Confirm with . or Enter, or press ? or * to list all spells.
Aiming: Pain (safe; 2% risk of failure)
Press: ? - help, Shift-Dir - straight line, f - orc priest
Aim: an orc priest, wielding a +2 war axe of chopping (chance to defeat MR: 78%)
The orc priest writhes in agony!
Casting: Pain (safe; 2% risk of failure)
Confirm with . or Enter, or press ? or * to list all spells.
Aiming: Pain (safe; 2% risk of failure)
Press: ? - help, Shift-Dir - straight line, f/p - orc priest
Aim: an orc priest, wielding a +2 war axe of chopping (heavily wounded, chance to defeat MR: 78%)
The orc priest writhes in agony.
The orc wizard hits you from afar with a +0 halberd!
* * * LOW HITPOINT WARNING * * *
The orc priest invokes the aid of Beogh against you.
Pain shoots through your body!
You die...

. #### .. ##... #. ##...#
..########...##
...##....#.#
####....###..# ..
####..))...###.## ....
###o.).#####..#..###
.....##oo@#########.......
.....)..####.........####.
#.....#.oo......###.## ##
#......o......####..#
.........<....# ##.#######
#.............# #..##.....
#...#....o.o..##..#..<..).
..###.....o...##.##.#.....
.......ยง.S.##....#.....


You could see an orc priest and 2 orc wizards.

Vanquished Creatures
  An orc priest (D:3)
  2 adders
  A worm (D:3)
  2 dart slugs
  A leopard gecko (D:2)
  9 orcs (D:3)
  5 bats
  7 giant cockroaches
  9 goblins
  7 hobgoblins
  6 kobolds
  A quokka (D:2)
  2 frilled lizards
  6 rats
59 creatures vanquished.

Notes
Turn   | Place    | Note
-------+----------+-------------------------------------------
     0 | D:1      | zhovat1 the Demonspawn Necromancer began the quest for the
                  | Orb.
     0 | D:1      | Reached XP level 1. HP: 13/13 MP: 3/3
   218 | D:1      | Gained mutation: You are immune to rotting. [demonic
                  | ancestry]
   218 | D:1      | Reached XP level 2. HP: 18/19 MP: 3/5
   887 | D:1      | Gained mutation: You have sharp toenails. [demonic
                  | ancestry]
   887 | D:1      | Reached XP level 3. HP: 20/25 MP: 0/6
  1316 | D:2      | Found an opulent altar of Gozag.
  1657 | D:2      | Reached skill level 1 in Fighting
  2123 | D:2      | Found a white marble altar of Elyvilon.
  2614 | D:3      | Reached XP level 4. HP: 26/32 MP: 1/8
  2685 | D:3      | Found a hide-covered altar of Uskayaw.
  3182 | D:3      | Learned a level 3 spell: Vampiric Draining
  3213 | D:3      | Killed from afar by an orc priest

Skill      XL: |  1  2  3  4 |
---------------+-------------+-----
Stealth        | 2 3 |  3.0
Dodging        | 2 |  2.3
Fighting       | 1 |  1.4
Spellcasting   | 3 |  3.0
Necromancy     | |  4.8

Action                   |  1- 3 |  4- 6 || total
-------------------------+-------+-------++-------
Melee: Unarmed           |    18 |       ||    18
       Dagger            |    54 |    23 ||    77
       Kick              |     7 |       ||     7
 Cast: Pain              |    58 |    32 ||    90
  Use: Scroll            |    11 |       ||    11
       Potion            |       |     3 ||     3
 Stab: Sleeping          |     4 |       ||     4
       Distracted        |     1 |       ||     1
  Eat: Chunk             |     6 |     1 ||     7
Armor: Robe              |    20 |    11 ||    31
Dodge: Dodged            |    54 |    27 ||    81
